 Dungeon Sprint DCSS version 0.21-a0-278-ga722497 (webtiles) character file.

36750 potatolord6000 the Severer (level 13, 0/137 HPs)
             Began as a Hill Orc Fighter on Sept 22, 2017.
             Was the Champion of Beogh.
             Slain by a skeletal warrior
             ... wielding a +0 mace
              (4 damage)
             ... in the Dungeon (Sprint VII: "The Pits").
             The game lasted 00:33:47 (5246 turns).

potatolord6000 the Severer (Hill Orc Fighter)       Turns: 5246, Time: 00:33:48

Health: 0/137      AC: 23    Str: 27    XL:     13   Next: 92%
Magic:  0/27       EV:  2    Int: 16    God:    Beogh [******]
Gold:   32         SH:  0    Dex: 15    Spells: 12/12 levels left

rFire    . . .     SeeInvis .   D - +7 broad axe
rCold    . . .     Gourm    .   c - +4 shield
rNeg     + + +     Faith    .   w - +2 chain mail of Wu Jian's Hope {Int+3}
rPois    ∞         Spirit   +   a - +2 hat of the Bear Spirit {Spirit, +Rage rN+ MR++}
rElec    .         Reflect  .   (no cloak)
rCorr    .         Harm     +   C - +1 pair of gloves
MR       ++...     NoTele   +   r - +0 pair of boots
Stlth    ..........             B - amulet of the Tempest {Harm *Corrode *Drain Int+2 Dex+5}
HPRegen  0.32/turn              b - +3 ring of intelligence
MPRegen  0.20/turn              k - +3 ring of strength

@: petrified
A: walk on water
a: Smiting, Recall Orcish Followers, Give Item to Named Follower, Resurrection,
Renounce Religion, Evoke Berserk Rage


You were in the Dungeon.
You worshipped Beogh.
Beogh was exalted by your worship.
You were not hungry.

You visited 1 branch You collected 32 gold pieces.

Inventory:

Hand Weapons
 s - a +3 battleaxe
 t - a +3 great sword
 D - a +7 broad axe (weapon)
 E - a +3 great sword
 F - a +1 triple sword
 G - a +3 glaive
Armour
 a - the +2 hat of the Bear Spirit (worn) {Spirit, +Rage rN+ MR++}
   (You found it in the Dungeon)

   It protects you from negative energy.
   It affects your resistance to hostile enchantments.
   It lets you go berserk.
 c - a +4 shield (worn)
 r - a +0 pair of boots (worn)
 w - the +2 chain mail of Wu Jian's Hope (worn) {Int+3}
   (You found it in the Dungeon)

   It affects your intelligence (+3).
 C - a +1 pair of gloves (worn)
Jewellery
 b - a +3 ring of intelligence (left hand)
 k - a +3 ring of strength (right hand)
 B - the amulet of the Tempest (around neck) {Harm *Corrode *Drain Int+2 Dex+5}
   (You found it in the Dungeon)

   [amulet of harm]

   It increases damage dealt and taken.
   It affects your intelligence (+2).
   It affects your dexterity (+5).
   It may corrode you when you take damage.
   It causes draining when unequipped.
Scrolls
 m - 4 scrolls of remove curse
 n - 5 scrolls of amnesia
 o - a scroll of summoning
 v - a scroll of blinking
 x - 3 scrolls of fear
 z - a scroll of fog
 A - 3 scrolls of identify
Potions
 d - 2 potions of brilliance
 i - 2 potions of magic
 j - 4 potions of berserk rage
 l - a potion of invisibility
Comestibles
 f - 10 bread rations
 g - 6 royal jellies
 p - 41 fruits
 q - 5 meat rations


   Skills:
 + Level 19.0 Fighting
 + Level 20.3 Axes
 + Level 17.7 Armour
 + Level 17.6 Shields
 + Level 20.1 Invocations


You had 12 spell levels left.
You didn't know any spells.

Dungeon Overview and Level Annotations

Branches:
Dungeon (1/1)

Altars:
Ashenzari
Cheibriados
Dithmenos
Elyvilon
Fedhas
Gozag
Hepliaklqana
Kikubaaqudgha
Makhleb
Nemelex Xobeh
Okawaru
Qazlal
Ru
Sif Muna
Trog
Uskayaw
Vehumet
Wu Jian
Xom
Yredelemnul
Zin
The Shining One
Beogh
Jiyva
Lugonu


Message History

* * * LOW HITPOINT WARNING * * *
Your orc sorcerer is engulfed in calcifying dust.
Your orc sorcerer stops moving altogether!
You are engulfed in calcifying dust.
You are no longer corroded.
Your orc warlord is no longer petrified.
Something bites your spectral orc knight but does no damage.
Arbolt is engulfed in calcifying dust.
The skeletal warrior hits you but does no damage.
The catoblepas breathes a plume of calcifying dust at you.
The blast of calcifying dust hits you!
The blast of calcifying dust hits your orc warlord.
The blast of calcifying dust hits your orc sorcerer.
Something closely misses your spectral orc knight.
Your orc sorcerer is engulfed in calcifying dust.
Your orc warlord is engulfed in calcifying dust.
Your orc warlord is moving more slowly.
Something bites your spectral orc knight.
The skeletal warrior hits you with a mace!
You die... #........ #######################..#....# #.......o............ooo....... #..o..oo.o.ooooooooo.'ooo......

#.o################..##oo#)...#
#.o# #h# #.#..##o....... #..# #Y#
#.##..##........ #.o#
#Y#Z#}#..####''#### #.o#
#@#Z##..####''#### #..#
#z#o#o#..##......##
#..#############o##..##.#[##.##
###.........ooooooZo...##.#):'.##
.##.........ooooo.o....## +oo#.##
.###########++########## #).'.##
.###########++########## +..#.##
'##................##..# ##+#.##
.##......#..#......##..# ##


You could see a death yak, a catoblepas, a skeletal warrior, a wolf, a friendly
orc warlord (petrifying), a friendly spectral orc knight and a friendly orc
sorcerer (petrified).

Vanquished Creatures
  A deep elf master archer (D)
  An Executioner (D)
  2 orc warlords (D)
  An emperor scorpion (D)
  An apis (D)
  A minotaur (D)
  A deep elf high priest (D)
  A spriggan air mage (D)
  Harold (D)
  5 vault guards (D)
  4 two-headed ogres (D)
  A merfolk avatar (D)
  An orc high priest (D)
  An ogre mage (D)
  A vampire mage (D)
  A deep elf knight (D)
  2 sun demons (D)
  A fire crab (D)
  2 unseen horrors (D)
  A deep troll (D)
  A small abomination (D)
  A spriggan druid (D)
  A swamp dragon (D)
  Pikel (D)
  2 orc knights (D)
  A cyclops (D)
  A deep elf mage (D)
  A merfolk siren (D)
  A black mamba (D)
  A smoke demon (D)
  A kobold demonologist (D)
  An orange demon (D)
  A freezing wraith (D)
  A wandering mushroom (D)
  2 ice devils (D)
  2 jumping spiders (D)
  A tyrant leech (D)
  A hornet (D)
  7 dream sheep (D)
  A bog body (D)
  A shadow (D)
  A flying skull (D)
  A ynoxinul (D)
  2 spriggans (D)
  A steam dragon (D)
  2 fire elementals (D)
  A golden eye (D)
  3 vampire mosquitoes (D)
  A hungry ghost (D)
  A soldier ant (D)
  3 hell hounds (D)
  A floating eye (D)
  A swamp drake (D)
  A porcupine (D)
  2 orc warriors (D)
  An ogre (D)
  2 wolves (D)
  A crocodile (D)
  3 big kobolds (D)
  8 killer bees (D)
  2 crimson imps (D)
  A jelly (D)
  An orc wizard (D)
  A gnoll shaman (D)
  2 worker ants (D)
  5 gnolls (D)
  A river rat (D)
  4 oozes (D)
  An adder simulacrum (D)
  A leopard gecko (D)
  An orc (D)
  A bat zombie (D)
  A giant cockroach (D)
  A goblin (D)
  3 hobgoblins (D)
  2 jackals (D)
  A bat (D)
  A bat simulacrum (D)
  A jackal skeleton (D)
  3 kobolds (D)
  A rat (D)
131 creatures vanquished.

Vanquished Creatures (collateral kills)
  A death cob (D)
  A vault guard (D)
  A two-headed ogre (D)
  An orc high priest (D)
  Nergalle (D)
  A sea snake (D)
  2 orc knights (D)
  A hellwing (D)
  A tyrant leech (D)
  A neqoxec (D)
  2 wargs (D)
  A soldier ant (D)
  2 wolves (D)
  A phantom (D)
  A centaur (D)
  An earth elemental (D)
  An orc wizard (D)
  An orc (D)
  2 kobolds (D)
23 creatures vanquished.

Vanquished Creatures (others)
  6 orc knights (D)
  An orc sorcerer (D)
  A slave (D)
  3 orc warriors (D)
  A jelly (D)
  3 orc wizards (D)
  5 orcs (D)
20 creatures vanquished.

Grand Total: 174 creatures vanquished

Notes
Turn   | Place    | Note
-------+----------+-------------------------------------------
     0 | D        | potatolord6000 the Hill Orc Fighter began the quest for the Orb.
     0 | D        | Reached XP level 1. HP: 19/19 MP: 1/1
    48 | D        | Found a bloodstained altar of Trog.
    48 | D        | Found a deep blue altar of Sif Muna.
    48 | D        | Found a viscous altar of Jiyva.
    48 | D        | Found a hazy altar of Hepliaklqana.
    48 | D        | Found an opulent altar of Gozag.
    49 | D        | Found a glowing golden altar of the Shining One.
    49 | D        | Found a glowing silver altar of Zin.
    49 | D        | Found a basalt altar of Yredelemnul.
    49 | D        | Found a shimmering altar of Xom.
    49 | D        | Found an ornate altar of the Wu Jian Council.
    49 | D        | Found a sacrificial altar of Ru.
    49 | D        | Found a stormy altar of Qazlal.
    49 | D        | Found an iron altar of Okawaru.
    49 | D        | Found a sparkling altar of Nemelex Xobeh.
    49 | D        | Found a burning altar of Makhleb.
    49 | D        | Found a blossoming altar of Fedhas.
    49 | D        | Found a white marble altar of Elyvilon.
    49 | D        | Found a shadowy altar of Dithmenos.
    49 | D        | Found a snail-covered altar of Cheibriados.
    51 | D        | Found a radiant altar of Vehumet.
    51 | D        | Found a corrupted altar of Lugonu.
    51 | D        | Found a roughly hewn altar of Beogh.
    53 | D        | Found an ancient bone altar of Kikubaaqudgha.
    53 | D        | Found a hide-covered altar of Uskayaw.
    53 | D        | Found a shattered altar of Ashenzari.
    61 | D        | Became a worshipper of Beogh the Brigand
    85 | D        | Reached skill level 1 in Invocations
    92 | D        | Reached * piety under Beogh
   264 | D        | Reached XP level 2. HP: 27/27 MP: 3/3
   269 | D        | Noticed a crimson imp
   270 | D        | Reached ** piety under Beogh
   303 | D        | Killed a crimson imp
   303 | D        | Reached skill level 5 in Fighting
   303 | D        | Reached skill level 5 in Axes
   303 | D        | Reached XP level 3. HP: 22/36 MP: 5/5
   303 | D        | Reached XP level 4. HP: 26/42 MP: 6/6
   451 | D        | Reached *** piety under Beogh
   451 | D        | Reached skill level 5 in Armour
   451 | D        | Reached skill level 5 in Shields
   537 | D        | Reached skill level 5 in Invocations
   537 | D        | Reached XP level 5. HP: 23/50 MP: 8/8
   541 | D        | Reached **** piety under Beogh
   772 | D        | Noticed a crocodile
   777 | D        | Killed a crocodile
   777 | D        | Reached XP level 6. HP: 39/60 MP: 9/11
   881 | D        | Noticed Pikel
   881 | D        | Noticed a slave
   881 | D        | Noticed a slave
   881 | D        | Noticed a slave
   895 | D        | Killed Pikel
   895 | D        | Reached XP level 7. HP: 57/70 MP: 8/13
   959 | D        | Noticed an orange demon
   990 | D        | Reached skill level 10 in Axes
  1027 | D        | Killed an orange demon
  1027 | D        | Reached ***** piety under Beogh
  1027 | D        | Reached skill level 10 in Fighting
  1027 | D        | Reached skill level 10 in Invocations
  1027 | D        | Reached XP level 8. HP: 40/79 MP: 15/15
  1339 | D        | Noticed a black mamba
  1344 | D        | Killed a black mamba
  1344 | D        | Reached skill level 10 in Armour
  1349 | D        | Reached skill level 10 in Shields
  1530 | D        | Noticed a spriggan
  1534 | D        | Killed a spriggan
  1534 | D        | Reached XP level 9. HP: 89/89 MP: 17/17
  1534 | D        | Gained Marbaugh as an ally
  1537 | D        | Noticed a jumping spider
  1550 | D        | Reached ****** piety under Beogh
  1561 | D        | Reached XP level 10. HP: 51/99 MP: 17/19
  1589 | D        | Noticed a sea snake
  1596 | D        | Killed a sea snake
  1889 | D        | Noticed a smoke demon
  1897 | D        | Killed a smoke demon
  1916 | D        | Noticed a swamp dragon
  1923 | D        | Killed a swamp dragon
  1934 | D        | Your ally Marbaugh died
  2196 | D        | Noticed a sixfirhy
  2200 | D        | Noticed an orc high priest
  2202 | D        | Noticed a sun demon
  2202 | D        | Noticed a rust devil
  2205 | D        | Noticed a sixfirhy
  2208 | D        | Killed an orc high priest
  2329 | D        | Killed an unseen horror
  2329 | D        | Reached skill level 15 in Axes
  2329 | D        | Reached XP level 11. HP: 76/108 MP: 6/21
  2344 | D        | Noticed an orc high priest
  2347 | D        | Noticed an orc sorcerer
  2350 | D        | Noticed a sun demon
  2350 | D        | Noticed Nergalle
  2352 | D        | Gained Bogfrid as an ally
  2358 | D        | Killed an unseen horror
  2364 | D        | Reached skill level 15 in Invocations
  2366 | D        | Noticed Harold
  2367 | D        | Killed an orc high priest
  2376 | D        | Killed Nergalle
  2390 | D        | Killed Harold
  2391 | D        | Gained Horkud as an ally
  2404 | D        | Reached skill level 15 in Fighting
  2404 | D        | Gained Agrik as an ally
  2890 | D        | Got the amulet of the Tempest {Harm *Corrode *Drain Int+2 Dex+5}
  3006 | D        | Noticed a cyclops
  3015 | D        | Killed a cyclops
  3257 | D        | Noticed a minotaur
  3265 | D        | Killed a minotaur
  3281 | D        | Noticed a spriggan rider
  3281 | D        | Paralysed by a floating eye for 2 turns
  3295 | D        | Killed a spriggan rider
  3662 | D        | Noticed a merfolk avatar
  3663 | D        | Noticed a deep troll
  3676 | D        | Killed a deep troll
  3676 | D        | Reached XP level 12. HP: 73/122 MP: 24/24
  3682 | D        | Killed a merfolk avatar
  4101 | D        | Noticed an orc warlord
  4103 | D        | Killed an orc warlord
  4103 | D        | Reached skill level 15 in Armour
  4104 | D        | Noticed an emperor scorpion
  4104 | D        | Noticed an orc warlord
  4106 | D        | Killed an orc warlord
  4106 | D        | Reached skill level 15 in Shields
  4107 | D        | Noticed a vault guard
  4109 | D        | Noticed a vault guard
  4111 | D        | Noticed a vault guard
  4120 | D        | Killed a vault guard
  4121 | D        | Killed an emperor scorpion
  4123 | D        | Killed a vault guard
  4125 | D        | Killed a vault guard
  4130 | D        | Noticed a deep elf high priest
  4130 | D        | Noticed a deep elf knight
  4132 | D        | Killed a deep elf knight
  4137 | D        | Killed a deep elf high priest
  4137 | D        | Reached XP level 13. HP: 55/132 MP: 22/26
  4137 | D        | Gained Arbolt as an ally
  4174 | D        | Noticed a vault guard
  4185 | D        | Killed a vault guard
  4437 | D        | Got the +1 chain mail of Levity {Regen+ Stlth+}
  4460 | D        | Found the +2 hat of the Bear Spirit {Spirit, +Rage rN+ MR++}
  4478 | D        | Got the +2 chain mail of Wu Jian's Hope {Int+3}
  4609 | D        | Noticed an Executioner
  4610 | D        | Noticed a vault guard
  4611 | D        | Noticed a vault guard
  4616 | D        | Killed a vault guard
  4619 | D        | Killed an Executioner
  4622 | D        | Killed a vault guard
  4876 | D        | Got the +4 great sword of Karphasyi {antimagic, rC++ Dex+3}
  4944 | D        | Found the +7 mace of Variability {chaos}
  5156 | D        | Noticed a death cob
  5162 | D        | Killed a death cob
  5165 | D        | Noticed an apis
  5174 | D        | Killed an apis
  5207 | D        | Noticed a deep elf master archer
  5211 | D        | Killed a deep elf master archer
  5244 | D        | HP: 6/137 [skeletal warrior/mace (4)]
  5246 | D        | Slain by a skeletal warrior

Vault maps used:
D:        pitsprint

Skill      XL: |  1  2  3  4  5  6  7  8  9 10 11 12 13 |
---------------+----------------------------------------+-----
Axes           | 3 5 6 7 9 10 11 13 15 16 18 20 | 20.3
Fighting       | 4 5 6 7 9 10 11 12 13 15 17 19 | 19.0
Invocations    | 1 3 5 6 9 10 11 12 14 16 18 20 | 20.1
Shields        | 4 5 6 8 9 10 11 12 14 16 17 | 17.6
Armour         | 4 5 6 8 9 10 11 13 14 16 17 | 17.7

Action                   |  1- 3 |  4- 6 |  7- 9 | 10-12 | 13-15 || total
-------------------------+-------+-------+-------+-------+-------++-------
Melee: War axe           |    34 |    52 |    56 |       |       ||   142
       Broad axe         |       |       |    26 |   156 |    87 ||   269
Invok: Smiting           |       |     1 |     1 |    28 |     6 ||    36
       Resurrection      |       |       |       |     4 |     2 ||     6
       Recall Orcish Fol |       |       |       |     1 |       ||     1
       Give Item to Name |       |       |       |       |     2 ||     2
  Use: Scroll            |       |     1 |       |       |     6 ||     7
       Potion            |       |       |    14 |    14 |     4 ||    32
 Stab: Invisible         |       |       |       |     2 |       ||     2
       Distracted        |       |       |       |     1 |     1 ||     2
       Paralysed         |       |       |       |       |     1 ||     1
  Eat: Meat ration       |       |       |     2 |     2 |       ||     4
Armor: Scale mail        |    14 |       |       |       |       ||    14
       Chain mail        |       |    39 |    75 |       |    49 ||   163
       Plate armour      |       |       |    14 |    93 |       ||   107
Dodge: Dodged            |    10 |    16 |    46 |    31 |     9 ||   112
Block: Shield            |    22 |    28 |   104 |    99 |    61 ||   314

Table legend:
 A = Spawn XP
 B = Non-spawn XP
 C = Spawn XP percentage of total XP
 D = Spawn monster count
 E = Non-spawn monster count
 F = Spawn count percentage of total count
 G = Total turns spent on level
                    A         B        C        D         E        F      G
               +---------+---------+-------+---------+---------+-------+---------
         Total |       0 |   52501 |   0.0 |       0 |     156 |   0.0 |  5246
               +---------+---------+-------+---------+---------+-------+---------
             D |       0 |   52501 |   0.0 |       0 |     156 |   0.0 |  5246
               +---------+---------+-------+---------+---------+-------+---------
